 Dungeon Crawl Stone Soup version 0.22.0-49-gab54619674 (webtiles) character file.

2293 Muumios the Skirmisher (level 9, -3/74 HPs)
             Began as a Mummy Monk on Aug 30, 2018.
             Was an Initiate of Gozag.
             Slain by an orc warrior
             ... wielding a +0 dire flail
              (21 damage)
             ... on level 7 of the Dungeon on Sept 6, 2018.
             The game lasted 00:25:00 (11076 turns).

Muumios the Skirmisher (Mummy Monk)                Turns: 11076, Time: 00:25:00

Health: -3/74      AC:  8    Str: 15    XL:     9   Next: 17%
Magic:  13/13      EV: 12    Int: 12    God:    Gozag
Gold:   314        SH:  0    Dex: 14    Spells: 13/13 levels left

rFire    x . .     SeeInvis .   d - +3 dagger
rCold    + + .     Gourm    .   (no shield)
rNeg     + + +     Faith    .   f - +0 ring mail {rC+}
rPois    ∞         Spirit   .   c - +0 helmet
rElec    .         Reflect  .   m - +0 cloak
rCorr    .         Harm     .   o - +0 pair of gloves
MR       ++...                  (no boots)
Stlth    +.........             (no amulet)
HPRegen  0.22/turn              r - ring of protection from magic
MPRegen  0.13/turn              (no ring)

@: no status effects
A: no food or potions, fire vulnerability, cold resistance 1, negative energy
resistance 3, torment resistance, unbreathing
a: Potion Petition, Call Merchant, Bribe Branch, Renounce Religion


You were on level 7 of the Dungeon.
You worshipped Gozag.
Gozag was aware of your devotion.
You were not hungry.

You visited 1 branch of the dungeon, and saw 9 of its levels.
You also visited: Sewer.

You collected 1160 gold pieces.
You spent 75 gold pieces at shops.
You paid 771 gold pieces to Gozag.

Inventory:

Hand Weapons
 a - a +1 mace
 d - a +3 dagger (weapon)
 g - a +0 hunting sling
 k - a +1 blowgun
Missiles
 e - 60 poisoned needles
 h - 238 stones (quivered)
 n - a throwing net
Armour
 b - a +1 robe
 c - a +0 helmet (worn)
 f - a +0 ring mail of cold resistance (worn)
 m - a +0 cloak (worn)
 o - a +0 pair of gloves (worn)
 s - a +0 pair of gloves
Jewellery
 l - an uncursed amulet of harm
 r - a ring of protection from magic (left hand)
Scrolls
 i - 4 scrolls of remove curse
 j - a scroll of magic mapping


   Skills:
 * Level 7.8 Fighting
 * Level 6.5 Maces & Flails
 - Level 4.5 Throwing
 * Level 3.3 Dodging
 - Level 1.5 Stealth
 - Level 2.7 Spellcasting


You had 13 spell levels left.
You didn't know any spells.
Your spell library contained the following spells:

 Spells                   Type           Power        Failure   Level  Hunger
 Flame Tongue             Conj/Fire      #....        45%         1    N/A
 Throw Flame              Conj/Fire      #.....       58%         2    N/A
 Conjure Flame            Conj/Fire      #.......     83%         3    N/A
 Inner Flame              Hex/Fire       #.......     83%         3    N/A
 Sticky Flame             Conj/Fire      #.......     99%         4    N/A
 Fireball                 Conj/Fire      #.........   100%        5    N/A

Dungeon Overview and Level Annotations

Branches:
Dungeon (9/15)             Temple (0/1) D:5
   Lair: D:8-11         Orc: D:9-12

Altars:
Fedhas
Gozag
Hepliaklqana
Kikubaaqudgha
Makhleb
Qazlal
Ru
Uskayaw

Shops:
D:7 *   D:9 [

Annotations:
D:9 Harold


Innate Abilities, Weirdness & Mutations

You do not eat or drink.
Your flesh is vulnerable to fire.
You are immune to poison.
Your flesh is cold resistant. (rC+)
You are immune to negative energy. (rN+++)
You are immune to unholy pain and torment.
You can survive without breathing.


Message History

You closely miss the orc warrior.
The orc warrior hits you with a dire flail!
The orc priest mumbles some strange prayers to Beogh against you.
Beogh smites you!
* * * LOW HITPOINT WARNING * * *
You hit the orc warrior.
The orc warrior is lightly wounded.
The orc warrior barely misses you.
There is a stone staircase leading up here.
The orc warrior hits you with a dire flail.
You climb upwards.
There is a stone staircase leading down here.
Unknown command.
Unknown command.
The orc warrior hits you with a dire flail!
* * * LOW HITPOINT WARNING * * *
There is an escape hatch in the ceiling here.
The orc warrior hits you with a dire flail!!
You die...
Your body crumbles into a pile of gold.

#####....#.####...### #....
.#.........##...### #.###
...##..#......### #<#
.####....#..##### ##.#
.#.....#)#......# ##..##
......##...####.## ##....#
#..#.####..# #..# ###..##.#
.....##....# ##.## #...###.#
........#..#####@.# ###)### #.#
........##.....##o####...#####)##
........##.......[..........(....
.........#.....##.....########..#
..........####......#.......>##.#
...........######>>...######.....
........#...........Z..........#.
'#.[....#..##..######...###..#...
∩'.............#### #.#.....#####


You could see an orc warrior and a bullfrog zombie (wandering).

Vanquished Creatures
  Grinder (D:6)
  A hippogriff (D:7)
  A wyvern (D:8)
  2 black bears (D:6)
  3 ogres
  2 centaurs (D:7)
  3 bullfrogs
  2 scorpions
  A howler monkey (D:7)
  A crimson imp (D:8)
  A centaur zombie (D:7)
  4 hounds
  A jelly (D:7)
  An orc priest (D:8)
  5 orc wizards
  Ijyb (D:4)
  2 worker ants
  A killer bee zombie (D:8)
  A hound skeleton (D:7)
  A hound zombie (D:6)
  4 gnolls (D:3)
  9 adders
  A river rat (Sewer)
  4 shadow imps
  An adder skeleton (D:4)
  6 worms
  A dart slug (D:1)
  4 leopard geckos
  32 orcs
  13 bats
  8 giant cockroaches
  6 goblins
  5 hobgoblins
  10 jackals
  8 kobolds
  3 quokkas
  5 ball pythons
  16 frilled lizards
  A leopard gecko skeleton (D:7)
  2 leopard gecko zombies
  17 rats
191 creatures vanquished.

Notes
Turn   | Place    | Note
-------+----------+-------------------------------------------
     0 | D:1      | Muumios the Mummy Monk began the quest for the Orb.
     0 | D:1      | Reached XP level 1. HP: 18/18 MP: 1/1
   404 | D:1      | Reached XP level 2. HP: 18/24 MP: 2/2
  1350 | D:2      | Reached XP level 3. HP: 24/29 MP: 3/3
  1360 | D:2      | You fall through a shaft for 2 floors!
  1541 | D:5      | Entered Level 5 of the Dungeon
  1982 | D:2      | Reached skill level 1 in Spellcasting
  2334 | D:2      | Found a faded altar of an unknown god.
  2476 | D:2      | Reached XP level 4. HP: 36/37 MP: 6/6
  2977 | D:2      | Reached skill level 4 in Fighting
  3561 | D:3      | Reached XP level 5. HP: 36/42 MP: 8/8
  3624 | D:3      | Found a burning altar of Makhleb.
  4004 | D:3      | Found a blossoming altar of Fedhas.
  4140 | D:3      | Found a sacrificial altar of Ru.
  4214 | D:3      | Found an opulent altar of Gozag.
  4224 | D:3      | Became a worshipper of Gozag Ym Sagoz the Greedy
  4379 | D:4      | Noticed Ijyb
  4394 | D:4      | Killed Ijyb
  4489 | D:4      | Reached skill level 1 in Throwing
  4528 | D:4      | Reached XP level 6. HP: 47/49 MP: 10/10
  4946 | D:4      | Reached skill level 5 in Fighting
  5153 | D:4      | Reached XP level 7. HP: 54/56 MP: 11/11
  5625 | D:5      | Found a staircase to the Ecumenical Temple.
  5655 | D:5      | Found a hazy altar of Hepliaklqana.
  5741 | D:5      | Found an ancient bone altar of Kikubaaqudgha.
  5812 | D:6      | Noticed Grinder
  5824 | D:6      | Killed Grinder
  5862 | D:6      | Found a glowing drain.
  5913 | Sewer    | Entered a sewer
  6387 | D:6      | Found a stormy altar of Qazlal.
  6387 | D:6      | Found a hide-covered altar of Uskayaw.
  6461 | D:6      | Reached skill level 6 in Fighting
  6461 | D:6      | Reached skill level 5 in Maces & Flails
  6979 | D:6      | Noticed a white ugly thing
  7076 | D:5      | Reached XP level 8. HP: 40/64 MP: 12/12
  8315 | D:7      | Noticed a hippogriff
  8335 | D:7      | Killed a hippogriff
  8385 | D:7      | Reached skill level 7 in Fighting
  8713 | D:7      | Found Rohuvaox's General Store.
  8719 | D:7      | Bought a scroll of enchant weapon for 75 gold pieces
  9475 | D:8      | Reached XP level 9. HP: 31/72 MP: 13/13
  9711 | D:8      | Noticed Harold
  9926 | D:8      | Noticed a troll
 10060 | D:8      | Noticed a two-headed ogre
 10506 | D:8      | Upgraded the game from 0.22.0-38-g04b72b8c25 to
                  | 0.22.0-49-gab54619674
 10873 | D:9      | Found Hufroo's Antique Armour Shop.
 11076 | D:7      | Slain by an orc warrior

Skill      XL: |  1  2  3  4  5  6  7  8 |
---------------+-------------------------+-----
Maces & Flails | 3 4 5 6 |  6.5
Spellcasting   | 1 2 |  2.7
Fighting       | 4 5 6 7 |  7.8
Throwing       | 1 2 3 4 |  4.5
Dodging        | 3 |  3.3
Stealth        | |  1.5

Action                   |  1- 3 |  4- 6 |  7- 9 || total
-------------------------+-------+-------+-------++-------
Melee: Mace              |   169 |    59 |       ||   228
       Dagger            |       |   198 |   459 ||   657
 Fire: Hunting sling     |    27 |       |       ||    27
       Blowgun           |       |    39 |    63 ||   102
Throw: Stone             |     1 |     2 |       ||     3
Invok: Potion Petition   |       |       |     3 ||     3
Evoke: Wand              |       |     1 |    11 ||    12
  Use: Scroll            |     3 |     4 |    15 ||    22
 Stab: Sleeping          |       |     2 |     5 ||     7
       Paralysed         |       |       |    12 ||    12
Armor: Robe              |    34 |       |       ||    34
       Ring mail         |    34 |   121 |   175 ||   330
Dodge: Dodged            |   181 |   180 |   285 ||   646
